AoeStats
← perpetualsigh

Arabia

509907501Analyzed
1v1 RM · 3d ago on Sep 28, 2026· 32m 49s· 2 players
Game mode
Random Map
Map size
Tiny (2 player)
Population
200
Speed
Normal
Resources
Standard
Victory
Conquest
Starting age
Dark Age
Ending age
Imperial Age
RankedLock teamsTeams togetherTeam positionsShared explorationLock speedFull tech treeHidden civsTurbo modeCheats
Victory
Defeat
🇺🇸 Britons · United States
793
+16
🇬🇧 Saxons · United Kingdom
786
-34
perpetualsigh
7:24 Loom
9:15 Feudal Age
10:12 Double-Bit Axe
16:03 Fletching
16:15 Padded Archer Armor
17:20 Horse Collar
21:00 Wheelbarrow
24:28 Castle Age
24:38 Crossbowman
27:39 Bodkin Arrow
27:59 Leather Archer Armor
29:10 Elite Skirmisher
garslo
5:28 Loom
10:27 Feudal Age
11:53 Double-Bit Axe
12:45 Horse Collar
14:42 Wheelbarrow
15:23 Fletching
19:09 Padded Archer Armor
25:20 Castle Age
25:34 Crossbowman
25:35 Elite Skirmisher
26:53 Bow Saw
27:39 Gold Mining
28:40 Stone Mining
29:25 Gold Shaft Mining
29:31 Gold Shaft Mining
29:35 Bodkin Arrow
29:55 Leather Archer Armor
31:50 Ballistics
32:16 Heavy Plow
Connection lost

Rejoining the realm…

Still unreachable

The connection could not be restored.

Session expired

The server has moved on; the page needs a fresh start.